 Dungeon Crawl Stone Soup version 0.27-a0-1423-ge5d6b6ab6a (webtiles) character file.

Game seed: 3728213877198159391

23001 uniqcum the Grappler (level 12, -4/99 HPs)
             Began as a Troll Fighter on July 2, 2021.
             Was a High Priest of Hepliaklqana.
             Slain by a cane toad (18 damage)
             ... on level 1 of the Lair of Beasts.
             The game lasted 00:53:01 (14270 turns).

uniqcum the Grappler (Troll Fighter)               Turns: 14270, Time: 00:53:03

Health: -4/99      AC: 10    Str: 30    XL:     12   Next: 68%
Magic:  11/11      EV: 16    Int:  4    God:    Hepliaklqana [*****.]
Gold:   290        SH: 12    Dex: 14    Spells: 10/11 levels left

rFire    . . .     SeeInvis .     - Unarmed
rCold    . . .     Faith    .   b - +0 kite shield
rNeg     . . .     Spirit   .   x - +0 troll leather armour
rPois    .         Reflect  .   f - +2 hat
rElec    .         Harm     .   n - +1 cloak
rCorr    .         Rampage  .   (gloves unavailable)
Will     .....                  (boots unavailable)
Stlth    ++........             i - amulet of regeneration
HPRegen  3.26/turn              j - +4 ring of evasion
MPRegen  0.12/turn              s - +6 ring of dexterity

@: lethally poisoned (-4 -> -5), about to teleport
A: reduced essence, large, unfitting armour, claws 3, regeneration 1, shaggy fur
1, tough skin 1, clumsy 1
a: Renounce Religion, Recall Ancestor, Ancestor Identity, Transference, Idealise


You were on level 1 of the Lair of Beasts.
You worshipped Hepliaklqana.
Hepliaklqana was extremely pleased with you.
You visited 2 branches of the dungeon, and saw 12 of its levels.

You collected 794 gold pieces.
You spent 504 gold pieces at shops.

Inventory:

Hand Weapons
 t - a +8 triple sword of holy wrath
Missiles
 e - 74 poisoned darts
 r - a curare-tipped dart
Armour
 a - a +1 robe
 b - a +0 kite shield (worn)
 f - a +2 hat (worn)
 n - a +1 cloak (worn)
 x - a +0 troll leather armour (worn)
Magical Staves
 u - a staff of earth
Jewellery
 i - an amulet of regeneration (around neck)
 j - a +4 ring of evasion (left claw)
 q - a ring of fire
 s - a +6 ring of dexterity (right claw)
Wands
 d - a wand of iceblast (17)
Scrolls
 p - a scroll of identify
Potions
 c - a potion of mutation
 g - 2 potions of degeneration
 h - a potion of attraction
 k - a potion of haste {unknown}
 m - a potion of berserk rage {unknown}


   Skills:
 + Level 5.2 Fighting
 + Level 1.1 Throwing
 + Level 2.6 Armour
 + Level 7.1 Dodging
 + Level 3.4 Stealth
 + Level 9.0 Shields
 + Level 14.1 Unarmed Combat
 + Level 0.5 Hexes
 + Level 1.8 Evocations


You had 10 spell levels left.
You knew the following spells:

 Your Spells              Type           Power      Damage    Failure   Level
a - Corona                Hex            0%         N/A       45%         1

Your spell library contained the following spells:

 Spells                   Type           Power      Damage    Failure   Level
 Shock                    Conj/Air       0%         1d3       54%         1
 Ensorcelled Hibernation  Hex/Ice        0%         N/A       65%         2
 Corpse Rot               Necr/Air       N/A        N/A       67%         2
 Passwall                 Tmut/Erth      0%         N/A       67%         2
 Static Discharge         Conj/Air       0%         N/A       67%         2
 Tukima's Dance           Hex            0%         N/A       83%         3
 Inner Flame              Hex/Fire       0%         N/A       86%         3
 Frozen Ramparts          Ice            0%         1d2       88%         3
 Ozocubu's Armour         Ice            0%         N/A       88%         3
 Swiftness                Air            0%         N/A       88%         3
 Airstrike                Air            0%         N/A       99%         4
 Cause Fear               Hex            0%         N/A       99%         4
 Dispel Undead            Necr           0%         3d6       99%         4
 Ice Form                 Ice/Tmut       0%         N/A       99%         4
 Summon Ice Beast         Ice/Summ       0%         N/A       99%         4
 Fireball                 Conj/Fire      0%         3d3       100%        5
 Iskenderun's Battlesphe  Conj           0%         2d6       100%        5
 Lightning Bolt           Conj/Air       0%         1d11      100%        5
 Conjure Ball Lightning   Conj/Air       0%         3x3d6     100%        6
 Death Channel            Necr           0%         N/A       100%        6
 Invisibility             Hex            0%         N/A       100%        6
 Orb of Destruction       Conj           0%         N/A       100%        7
 Ozocubu's Refrigeration  Ice            0%         4d5       100%        7
 Discord                  Hex            0%         N/A       100%        8
 Maxwell's Capacitive Co  Air            0%         ∞         100%        8


Dungeon Overview and Level Annotations

Branches:
Dungeon (11/15)            Temple (0/1) D:6            Lair (1/6) D:11
    Orc (0/2) D:11

Altars:
Ashenzari
Cheibriados
Dithmenos
Elyvilon
Gozag
Hepliaklqana
Kikubaaqudgha
Nemelex Xobeh
Okawaru
Uskayaw
Xom
Yredelemnul
Zin
The Shining One
Beogh

Shops:
D:9 =

Annotations:
D:5 1 runed translucent door, Crazy Yiuf
D:8 2 runed translucent doors, exclusion: orange crystal statue
Lair:1 1 transporter, hansi's ghost, novice MiBe


Innate Abilities, Weirdness & Mutations

Your life essence is reduced to manifest your ancestor. (-10% HP)
You are too large for most types of armour.
You have claws for hands.
Your natural rate of healing is unusually fast.
You are covered in fur. (AC +1)
You have tough skin. (AC +1)
You are clumsy. (Dex -2)


Message History

The cane toad is almost dead.
You feel very sick. You block the cane toad's attack.
You block the elephant's attack. The elephant closely misses you.
Londisizwe barely misses the black mamba.
You claw the cane toad!
You kill the cane toad!
You feel sick. Hansi's ghost hits you!! Hansi's ghost freezes you!
You block the bullfrog's attack. You block the cane toad's attack.
There are monsters nearby!
As you read the scroll of teleportation, it crumbles to dust.
You feel strangely unstable.
You feel sick. You block the black mamba's attack. The bullfrog misses you.
The elephant tramples you.
You hold your ground!
The elephant misses you.
Londisizwe hits hansi's ghost with a +0 flail.
The black mamba closely misses you. Hansi's ghost hits you.
Hansi's ghost freezes you.
* * * LOW HITPOINT WARNING * * *
You block the cane toad's attack.
You feel much better.
You feel sick.
The black mamba bites you but does no damage.
You block the bullfrog's attack.
The elephant tramples you but does no damage.
The elephant barely misses you.
Londisizwe hits hansi's ghost but does no damage.
Hansi's ghost hits you!!
* * * LOW HITPOINT WARNING * * *
Hansi's ghost freezes you.
* * * LOW HITPOINT WARNING * * *
You block the black mamba's attack.
The bullfrog hits you but does no damage.
The cane toad completely misses you.
You claw the black mamba!
The black mamba is heavily wounded.
You feel sick. You block the black mamba's attack.
The elephant closely misses you. You block the elephant's attack.
The bullfrog closely misses you.
Londisizwe hits hansi's ghost but does no damage.
The cane toad stings you!!
You die...

.......#.....###)....#...#.....##
........#...#.....©.....##......#
.......##.....#########..#.....##
........#....##8.....8##........'
.......##....#.........#.......##
##.######....#..#...#..#.#.....#.
####...##....#.#F.R..#.#.#.....##
.............#.FYW©....#...##.###
.............#.#@S...#.#.#'###.##
.............#..#F..#..#.........
.............#©........#.........
.............##8.?!($8##.........
#+###.#.......#########..........
...)..#...........©..............
..............###...#............
......#......## ##.##...##..###.#
......#......###...##...).......#


You could see the friendly Londisizwe the knight, an elephant, a black mamba
(ally target), 2 cane toads, a bullfrog and hansi's ghost.

Vanquished Creatures
  A hydra (Lair:1)
  2 boulder beetles (D:11)
  A centaur warrior (D:10)
  3 two-headed ogres
  A deep elf pyromancer (D:10)
  Pikel (D:4)
  A manticore (D:11)
  A cyclops (D:10)
  2 black mambas (Lair:1)
  4 cane toads (Lair:1)
  A rime drake (Lair:1)
  2 komodo dragons (Lair:1)
  2 trolls
  2 shadows
  Sigmund (D:5)
  29 yaks
  2 wyverns (D:10)
  A steam dragon (D:10)
  A basilisk (Lair:1)
  A vampire mosquito (D:10)
  Edmund (D:5)
  3 water moccasins (Lair:1)
  Duvessa (D:5)
  5 orc warriors
  A hornet zombie (D:6)
  A black bear (D:11)
  A sky beast (D:7)
  A necrophage (D:4)
  4 lemures (D:4)
  4 centaurs
  A phantom (D:5)
  A kobold brigand (D:9)
  4 bullfrogs
  3 scorpions
  A water moccasin skeleton (D:5)
  A wyvern skeleton (D:4)
  5 wights
  2 centaur zombies
  2 hounds
  A bullfrog zombie (D:5)
  4 orc priests
  2 bullfrog skeletons
  2 iguanas
  7 orc wizards
  A howler monkey zombie (D:7)
  4 adders
  A river rat (D:4)
  2 white imps
  A worm (D:4)
  3 dart slugs
  23 orcs
  3 bats
  3 endoplasms
  2 giant cockroaches (D:1)
  4 hobgoblins
  2 jackals (D:1)
  4 ball pythons
  A frilled lizard (D:1)
  8 goblins
  5 kobolds
  2 rats
186 creatures vanquished.

Vanquished Creatures (collateral kills)
  A two-headed ogre (D:9)
  An ugly thing (D:10)
  A deep elf pyromancer (D:9)
  A cane toad (Lair:1)
  2 unseen horrors
  3 komodo dragons
  A troll (D:10)
  A wyvern (D:10)
  2 yaks (Lair:1)
  A basilisk (Lair:1)
  A water moccasin (Lair:1)
  2 orc warriors
  2 centaurs
  A kobold brigand (D:7)
  2 bullfrogs (Lair:1)
  3 scorpions
  Dowan (D:5)
  2 wights (D:7)
  A howler monkey (D:7)
  3 orc priests
  A bullfrog skeleton (D:6)
  A centaur skeleton (D:3)
  An orc wizard (D:11)
  A hound skeleton (D:4)
  2 adders (D:4)
  An adder skeleton (D:5)
  A worm (D:3)
  A dart slug (D:3)
  7 orcs
  An endoplasm (D:3)
  2 hobgoblins
  A ball python (D:4)
  A bat (D:1)
  5 kobolds
58 creatures vanquished.

Vanquished Creatures (others)
  3 knights
  3 ancestors
  31 fungi
  21 plants
58 creatures vanquished.

Grand Total: 302 creatures vanquished

Notes
Turn   | Place    | Note
-------+----------+-------------------------------------------
     0 | D:1      | uniqcum the Troll Fighter began the quest for the Orb.
     0 | D:1      | Reached XP level 1. HP: 22/22 MP: 0/0
    77 | D:1      | Reached XP level 2. HP: 15/29 MP: 1/1
   238 | D:1      | Found a faded altar of an unknown god.
   263 | D:1      | Became a worshipper of Hepliaklqana the Forgotten
   263 | D:1      | Reached * piety under Hepliaklqana
  1046 | D:2      | Found a broken altar of Ashenzari.
  1148 | D:2      | Reached XP level 3. HP: 32/32 MP: 2/2
  1227 | D:3      | Found an iron altar of Okawaru.
  1481 | D:3      | Reached XP level 4. HP: 39/39 MP: 3/3
  1785 | D:3      | Reached skill level 3 in Unarmed Combat
  1794 | D:3      | Found a glowing silver altar of Zin.
  1867 | D:3      | Found a white marble altar of Elyvilon.
  2102 | D:4      | Noticed a necrophage
  2103 | D:4      | Reached ** piety under Hepliaklqana
  2106 | D:4      | Killed a necrophage
  2107 | D:4      | Reached XP level 5. HP: 47/47 MP: 4/4
  2132 | D:4      | Reached skill level 4 in Unarmed Combat
  2281 | D:4      | Found a shadowy altar of Dithmenos.
  2284 | D:4      | Noticed a lemure
  2284 | D:4      | Noticed a lemure
  2285 | D:4      | Noticed a lemure
  2286 | D:4      | Noticed a lemure
  2298 | D:4      | Killed a lemure
  2314 | D:4      | Killed a lemure
  2327 | D:4      | Killed a lemure
  2334 | D:4      | Reached XP level 6. HP: 34/54 MP: 5/5
  2408 | D:4      | Noticed Pikel
  2419 | D:4      | Killed Pikel
  2420 | D:4      | Reached skill level 5 in Unarmed Combat
  2420 | D:4      | Reached XP level 7. HP: 37/60 MP: 6/6
  2582 | D:4      | Found a sparkling altar of Nemelex Xobeh.
  2908 | D:4      | Reached skill level 6 in Unarmed Combat
  2994 | D:4      | Found a shimmering altar of Xom.
  3115 | D:5      | Entered Level 5 of the Dungeon
  3129 | D:5      | Reached XP level 8. HP: 64/67 MP: 7/7
  3208 | D:5      | Noticed Dowan
  3217 | D:5      | Killed Dowan
  3218 | D:5      | Reached skill level 1 in Stealth
  3229 | D:5      | Noticed Duvessa
  3242 | D:5      | Killed Duvessa
  3243 | D:5      | Reached skill level 1 in Throwing
  3321 | D:5      | Noticed Sigmund
  3337 | D:5      | Killed Sigmund
  3338 | D:5      | Reached skill level 7 in Unarmed Combat
  3878 | D:5      | Noticed Edmund
  3913 | D:5      | Killed Edmund
  4405 | D:5      | Found a runed translucent door.
  4406 | D:5      | Noticed Crazy Yiuf
  4472 | D:6      | Reached *** piety under Hepliaklqana
  4632 | D:6      | Reached skill level 5 in Shields
  4654 | D:6      | Reached skill level 8 in Unarmed Combat
  4925 | D:6      | Found a hide-covered altar of Uskayaw.
  4947 | D:6      | Reached XP level 9. HP: 75/75 MP: 8/8
  4981 | D:6      | Found a staircase to the Ecumenical Temple.
  5727 | D:7      | Learned a level 1 spell: Corona
  5729 | D:7      | Remembered your ancestor Londisizwe as a knight
  5924 | D:7      | Found a snail-covered altar of Cheibriados.
  5995 | D:7      | Noticed a troll
  6002 | D:7      | Killed a troll
  6003 | D:7      | Reached skill level 5 in Dodging
  6197 | D:7      | Found an opulent altar of Gozag.
  6324 | D:7      | Found an ancient bone altar of Kikubaaqudgha.
  6769 | D:7      | Found a glowing golden altar of the Shining One.
  6771 | D:7      | Noticed an angel
  6788 | D:7      | Found a basalt altar of Yredelemnul.
  6790 | D:7      | Noticed a profane servitor
  6860 | D:7      | Reached skill level 9 in Unarmed Combat
  7349 | D:8      | Reached **** piety under Hepliaklqana
  7352 | D:8      | Found a runed translucent door.
  7357 | D:8      | Found the +10 tower shield of Ignorance {rN+ Int-4}
  7359 | D:8      | Noticed an orange crystal statue
  7401 | D:8      | Reached XP level 10. HP: 39/84 MP: 9/9
  8210 | D:8      | Found a runed translucent door.
  8375 | D:8      | Reached skill level 10 in Unarmed Combat
  8774 | D:8      | Identified a scroll of acquirement
  8774 | D:8      | Acquired a +2 hat
  8999 | D:8      | Gained mutation: You are clumsy. (Dex -2) [potion of
                  | mutation]
  9761 | D:9      | Reached skill level 11 in Unarmed Combat
  9941 | D:9      | Found Tajicl Jaoff's Jewellery Emporium.
  9941 | D:9      | Noticed a two-headed ogre
  9949 | D:9      | Killed a two-headed ogre
  9950 | D:9      | Reached XP level 11. HP: 45/90 MP: 10/10
 10077 | D:9      | Bought a +4 ring of evasion for 504 gold pieces
 10523 | D:9      | Noticed a deep elf pyromancer
 10537 | D:9      | Killed a deep elf pyromancer
 10682 | D:10     | Entered Level 10 of the Dungeon
 10808 | D:10     | Noticed a two-headed ogre
 10823 | D:10     | Killed a two-headed ogre
 11072 | D:10     | Reached ***** piety under Hepliaklqana
 11502 | D:10     | Noticed a two-headed ogre
 11518 | D:10     | Reached skill level 12 in Unarmed Combat
 11523 | D:10     | Killed a two-headed ogre
 11600 | D:10     | Noticed a deep elf pyromancer
 11605 | D:10     | Killed a deep elf pyromancer
 11606 | D:10     | Reached skill level 1 in Evocations
 11628 | D:10     | Noticed a centaur warrior
 11631 | D:10     | Noticed a white ugly thing
 11638 | D:10     | Killed a centaur warrior
 11647 | D:10     | Killed a white ugly thing
 11797 | D:11     | Found a staircase to the Orcish Mines.
 12156 | D:11     | Reached skill level 13 in Unarmed Combat
 12160 | D:11     | Found a staircase to the Lair.
 12206 | D:11     | Noticed a two-headed ogre
 12216 | D:11     | Killed a two-headed ogre
 12217 | D:11     | Reached XP level 12. HP: 99/99 MP: 11/11
 12254 | D:11     | Noticed a boulder beetle
 12275 | D:11     | Killed a boulder beetle
 12627 | D:11     | Noticed a boulder beetle
 12726 | D:11     | Killed a boulder beetle
 13166 | Lair:1   | Entered Level 1 of the Lair of Beasts
 13196 | Lair:1   | Reached skill level 5 in Fighting
 13298 | Lair:1   | Reached skill level 1 in Armour
 13631 | Lair:1   | Identified the +10 flail of Fragile Peace {vorpal, rN++}
 13644 | Lair:1   | Found a transporter.
 13648 | Lair:1   | Noticed hansi's ghost (novice MiBe)
 13849 | Lair:1   | Reached skill level 14 in Unarmed Combat
 13998 | Lair:1   | Found a transporter.
 14114 | Lair:1   | Noticed a five-headed hydra
 14135 | Lair:1   | Killed a 12-headed hydra
 14270 | Lair:1   | Slain by a cane toad

Illustrated notes

Levels and vault maps discovered:
D:1:      saegor_arrival_simple_e, layout_loops_ring,
          shapermc_ecumenical_altar_mp_ritualfount, st_stairs_1
D:2:      layout_basic, basic_altar, hangedman_decor_push, skrybe_limestone_x,
          chequers_decorated_corner
D:3:      layout_rooms, nicolae_elyvilon_peaceful_grove, zin_academy,
          okawaru_ov_weapons_minmay
D:4:      layout_basic, amcnicky_altar_gilded, grunt_dithmenos_smoke,
          kennysheep_mini, cheibrodos_sewer_entry_sluice,
          kennysheep_generic_room_2, uniq_blork_the_orc, uniq_pikel
D:5:      layout_gridville, kennysheep_little_box, uniq_sigmund, uniq_edmund,
          uniq_duvessa, uniq_crazy_yiuf_cottage
D:6:      layout_loops_cross, kennysheep_mini_moat,
          minmay_temple_entry_mini_moons
D:7:      layout_gridville, grunt_temple_overflow_holy_war,
          general_overflow_altar, old_standard_altar, nicolae_gozag_seed_capital
D:8:      layout_basic, chequers_guarded_unrand_ignorance
D:9:      layout_loops_corners, serial_shops, shop, guppyfry_early_elven_hall
D:10:     layout_long_grid, minmay_pinched_square
D:11:     layout_basic, grunt_lair_entry_orc_guard_hut,
          minmay_orc_entry_temple_small
Lair:1:   layout_regular_city, gammafunk_ghost_arena, grunt_megastairs_3

Skill      XL: |  1  2  3  4  5  6  7  8  9 10 11 12 |
---------------+-------------------------------------+-----
Dodging        | 3 4 5 6 7 |  7.1
Shields        | 3 4 5 7 8 9 |  9.0
Unarmed Combat | 3 4 5 6 8 9 11 13 14 | 14.1
Fighting       | 3 4 5 |  5.2
Stealth        | 1 2 3 |  3.4
Throwing       | 1 |  1.1
Evocations     | 1 |  1.8
Armour         | 2 |  2.6
Hexes          | |  0.5

Action                   |  1- 3 |  4- 6 |  7- 9 | 10-12 || total
-------------------------+-------+-------+-------+-------++-------
Melee: Unarmed           |    61 |    81 |   193 |   346 ||   681
Throw: Dart              |       |     1 |     2 |       ||     3
Invok: Ancestor Life: Kn |       |       |     1 |       ||     1
Evoke: Wand              |       |       |       |    15 ||    15
  Use: Scroll            |     1 |       |     5 |     6 ||    12
       Potion            |       |       |     8 |     6 ||    14
 Stab: Distracted        |       |       |     3 |     3 ||     6
Armor: Robe              |    22 |    10 |    53 |    54 ||   139
       Troll leather arm |       |       |       |    28 ||    28
Dodge: Dodged            |    22 |    24 |    70 |   179 ||   295
Block: Kite shield       |    21 |    37 |   114 |   205 ||   377

Table legend: (Time is in decaauts)
 A = Elapsed time spent in this place.
 B = Non-inter-level travel time spent in this place.
 C = Inter-level travel time spent in this place.
 D = Time resting spent in this place.
 E = Time spent auto-exploring this place.
 F = Levels seen in this place.
 G = Mean time per level.
                   A        B        C        D        E       F      G
               +--------+--------+--------+--------+--------+-----+--------+
         Total |  14228 |  14228 |      0 |   4211 |      0 |  12 | 1185.7 |
       Dungeon |  13145 |  13145 |      0 |   3903 |      0 |  11 | 1195.0 |
          Lair |   1083 |   1083 |      0 |    308 |      0 |   1 | 1083.0 |
               +--------+--------+--------+--------+--------+-----+--------+

Top non-repeatable levels by time:
     D:8: 1827 daAuts
     D:9: 1658 daAuts
     D:7: 1491 daAuts
    D:11: 1402 daAuts
     D:5: 1322 daAuts
     D:6: 1248 daAuts
  Lair:1: 1083 daAuts
    D:10: 1052 daAuts
     D:4: 1024 daAuts
     D:3: 895 daAuts
     D:1: 789 daAuts
     D:2: 433 daAuts
